AoeStats
← SuckinFahts

Golden Pit

508117253Analyzed
1v1 RM · 12d ago on Sep 21, 2026· 47m 54s· 2 players
Game mode
Random Map
Map size
Tiny (2 player)
Population
200
Speed
Normal
Resources
Standard
Victory
Conquest
Starting age
Dark Age
Ending age
Imperial Age
RankedLock teamsTeams togetherTeam positionsShared explorationLock speedFull tech treeHidden civsTurbo modeCheats
Victory
Defeat
🇦🇷 Italians · Argentina
839
+17
🇺🇸 Bohemians · United States
867
-17
[CHCINO]TheGuillo
12:14 Feudal Age
16:16 Castle Age
14:33 Loom
15:31 Double-Bit Axe
25:12 Wheelbarrow
25:24 Fletching
26:08 Scale Mail Armor
28:49 Forging
28:35 Bodkin Arrow
33:44 Imperial Age
34:15 Squires
33:35 Pikeman
37:43 Chemistry
36:39 Murder Holes
37:16 Padded Archer Armor
37:26 Town Watch
39:00 Horse Collar
40:57 Thumb Ring
42:04 Arson
43:15 Chain Mail Armor
43:52 Conscription
43:32 Elite Skirmisher
45:09 Elite Genoese Crossbowman
46:43 Cavalier
SuckinFahts
10:00 Feudal Age
8:17 Loom
11:16 Horse Collar
12:12 Double-Bit Axe
21:55 Castle Age
20:35 Fletching
21:11 Town Watch
22:07 Wheelbarrow
22:29 Crossbowman
28:40 Bodkin Arrow
29:06 Elite Skirmisher
31:04 Hand Cart
35:05 Padded Archer Armor
35:18 Forging
35:03 Pikeman
39:39 Imperial Age
39:35 Town Patrol
41:58 Squires
42:01 Scale Mail Armor
42:05 Heavy Plow
43:21 Conscription
46:09 Halberdier
Connection lost

Rejoining the realm…

Still unreachable

The connection could not be restored.

Session expired

The server has moved on; the page needs a fresh start.